Unix NetHack Version 5.0.0-0 post-release - last build May 10 2026 23:12:36 (d1fa5d53e341ca933230fdaa984d921c805b60aa,branch:main).

Game began 2026-05-12 20:07:45, ended 2026-05-12 20:20:47.

BeardyHaddock, lawful male dwarven Archeologist

       ---------
       |........    ### ---------------------------------
       |.......|      ##................................|
       |.<.....-########|.----....-----.-----|-..-----..|
       -----+..-       #|.|  ----.|   |.|   ..|..|   |..|
            ###        #|.|     |.|   -.+  |..|..|   |..|
             ##        #|.-     |.|   |.-  -----.|   |..|
             ##         |.      |.|   |.       |.-+---..|
             ##         |.      -.-   |.       |........|
             ##         |.       .    -+-      -..-----.|
             ###        |.      -.             ...+   |..
            -|-[-       |.-     |.-----         ..|   |.|
            |...|       |.|     |.|.%d|        --.-----.|
            |...|       |.|  ----.|@/!|         +.......|
            |...|       |.|  |....-.m@|         |.......-##
            -----       |.----....-----+---------.....{.|
                        |...............................|
                        ---------------------------------

BeardyHaddock the Digger   St:11 Dx:10 Co:13 In:16 Wi:16 Ch:10  Lawful
Dlvl:5  $:1172 HP:0(25) Pw:4(4) AC:9  Xp:2 T:2042  Hungry  

Latest messages:
 That strange object is a small mimic!
 The small mimic hits!
 a - a +2 bullwhip (weapon in right hand).
 You have no secondary weapon readied.
 You lash the small mimic.
 You hear a door open.
 You lash the small mimic.
 You lash the small mimic.
 You lash the small mimic.
 You miss the small mimic.
 The small mimic hits!
 You lash the small mimic.
 You lash the small mimic.
 The dog drops a +0 pick-axe.
 You hear an animal carcass being offered in sacrifice.
 You lash the small mimic.
 You are beginning to feel hungry.
 You lash the small mimic.
 The small mimic hits!
 What do you want to write with? [- agyD-I or ?*] -
 You write in the dust with your fingertip.
 What do you want to write in the dust here? Elbereth
 The small mimic turns to flee.
 The dog picks up a tin wand.
 The dog drops a tin wand.
 Are you waiting to get hit?  Use 'm' prefix to force a no-op (to rest).
 Are you waiting to get hit?  Use 'm' prefix to force a no-op (to rest).
 Are you waiting to get hit?  Use 'm' prefix to force a no-op (to rest).
 You see here a worthless piece of orange glass (for sale, 7 zorkmids).
 Are you waiting to get hit?  Use 'm' prefix to force a no-op (to rest).
 You lash the small mimic.
 The dog picks up a tin wand.
 You miss the small mimic.
 The dog drops a tin wand.
 Are you sure you want to pray? [yn] (n) y
 You begin praying to Quetzalcoatl.
 You are surrounded by a shimmering light.
 You finish your prayer.
 You feel that Quetzalcoatl is well-pleased.
 You miss the small mimic.
 You lash the small mimic.
 You miss the small mimic.
 The small mimic hits!
 You die...
 Annootok gratefully inherits all your possessions.
 Do you want to see what you had when you died? [ynq] (y) y
 Do you want to see your attributes? [ynq] (y) n
 Do you want an account of creatures vanquished? [ynaq] (y) n
 Do you want to see your conduct and achievements? [ynq] (y) n
 Do you want to see the dungeon overview? [ynq] (y) n

Inventory:
 Coins    ('$')
  $ - 1172 gold pieces
 Weapons  (')')
  F - 11 blessed +1 arrows
  E - a +0 dart
  a - a +2 bullwhip (weapon in right hand)
 Armor    ('[')
  c - a blessed +0 fedora (being worn)
  b - an uncursed +0 leather jacket (being worn)
 Comestibles  ('%')
  n - an uncursed cram ration
  d - 5 uncursed food rations
  i - 2 uncursed tripe rations
  B - 2 uncursed eggs
 Scrolls  ('?')
  k - a blessed scroll of enchant armor
  o - an uncursed scroll of scare monster
 Potions  ('!')
  C - a blessed potion of booze
 Rings    ('=')
  H - an uncursed +1 ring of gain constitution
 Wands    ('/')
  y - a wand of create monster (0:13)
  D - a wand of sleep (0:5)
 Tools    ('(')
  m - an uncursed bag of holding containing 3 items
  h - an empty uncursed sack
  u - an uncursed brass lantern (lit)
  x - an uncursed leash
  p - a cursed lock pick
  f - a tinning kit (0:66)
 Gems/Stones  ('*')
  G - an uncursed black opal
  I - 2 uncursed garnet stones
  g - 2 uncursed touchstones

Contents of the bag of holding:
  an uncursed +0 dwarvish iron helm
  a cursed -3 helm of opposite alignment
  an uncursed +0 dwarvish cloak

BeardyHaddock the Archeologist's attributes:

Background:
 You were a Digger, a level 2 male dwarven Archeologist.
 You were lawful, on a mission for Quetzalcoatl
 who was opposed by Camaxtli (neutral) and Huhetotl (chaotic).
 You were right-handed.
 You were in the Gnomish Mines, on level 5.
 You entered the dungeon 2042 turns ago.
 You had 36 experience points, 4 more were needed to attain level 3.

Basics:
 You had 0 out of 25 hit points.
 You had all 4 energy points (spell power).
 Your armor class was 9.
 Your wallet contained 1172 zorkmids.
 Autopickup was off.

Final Characteristics:
 Your strength was 11 (limit:18/100).
 Your dexterity was 10 (limit:20).
 Your constitution was 13 (limit:20).
 Your intelligence was 16 (limit:16).
 Your wisdom was 16 (limit:16).
 Your charisma was 10 (limit:16).

Final Status:
 You were hungry.
 You were unencumbered.
 You were wielding a whip.
 You had basic skill with whip.

Final Attributes:
 You were devoutly aligned.
 You had automatic searching.
 You had infravision.
 You were lucky.
 You are dead.

Miscellaneous:
 You didn't encounter any bones levels.
 Total elapsed playing time was 12 minutes and 59 seconds.

Major events:
 Turn
    1: BeardyHaddock the lawful male dwarven Archeologist entered the dungeon
 1277: entered the Gnomish Mines
 1927: reached Mine Town
 2042: killed by a small mimic

You didn't know any spells.

Skills:
 Fighting Skills
   bare handed combat [Unskilled]
   two weapon combat  [Unskilled]
   riding             [Unskilled]
 Weapon Skills
   dagger             [Unskilled]
   knife              [Unskilled]
   pick-axe           [Basic]
   short sword        [Unskilled]
   saber              [Unskilled]
   club               [Unskilled]
   quarterstaff       [Unskilled]
   sling              [Unskilled]
   dart               [Unskilled]
   boomerang          [Unskilled]
   whip               [Basic]
   unicorn horn       [Unskilled]
 Spellcasting Skills
   attack spells      [Unskilled]
   healing spells     [Unskilled]
   divination spells  [Unskilled]
   matter spells      [Unskilled]

Voluntary challenges:
 Character rerolling was not enabled.
 You never genocided any monsters.
 You never polymorphed an object.
 You never changed form.
 You used no wishes.
Achievements:
 You entered the Gnomish Mines.
 You entered Minetown.
 You entered a shop.

 The Dungeons of Doom: levels 1 to 3
    Level 1:
       A fountain, a grave.
    Level 2:
       Stairs down to The Gnomish Mines.
    Level 3:
 The Gnomish Mines: levels 3 to 5
    Level 3:
    Level 4:
    Level 5: <- You were here.
       A general store, a fountain.
       Final resting place for
          you, killed by a small mimic.


Vanquished creatures:
  a gnome leader
  2 dwarves
  2 acid blobs
  a green mold
 11 gnomes
  7 jackals
  a kobold
  a goblin
  3 sewer rats
  2 bats
  5 lichens
  a kobold zombie
  4 newts
41 creatures vanquished.

No species were genocided or became extinct.

Game over:
                       ----------
                      /          \
                     /    REST    \
                    /      IN      \
                   /     PEACE      \
                  /                  \
                  |  BeardyHaddock   |
                  |       0 Au       |
                  |   killed by a    |
                  |   small mimic    |
                  |                  |
                  |                  |
                  |       2026       |
                 *|     *  *  *      | *
        _________)/\\_//(\/(/\)/\//\/|_)_______

Goodbye BeardyHaddock the Archeologist...

You died in The Gnomish Mines on dungeon level 5 with 384 points,
and 0 pieces of gold, after 2042 moves.
You were level 2 with a maximum of 25 hit points when you died.

